 Dungeon Crawl Stone Soup version 0.21-a0-72-gbbb65ab (webtiles) character file.

2979 HAL9000 the Slicer (level 9, -2/42 HPs)
             Began as a Vine Stalker Assassin on June 20, 2017.
             Was an Initiate of Dithmenos.
             Slain by an orc warrior
             ... wielding a +0 scimitar
              (12 damage)
             ... on level 8 of the Dungeon.
             The game lasted 00:22:52 (8354 turns).

HAL9000 the Slicer (Vine Stalker Assassin)          Turns: 8354, Time: 00:22:53

Health: -2/42      AC:  5    Str: 16    XL:     9   Next: 82%
Magic:  0/10       EV: 10    Int: 11    God:    Dithmenos [......]
Gold:   476        SH: 11    Dex: 17    Spells: 8/8 levels left

rFire    . . .     SeeInvis .   a - +2 dagger
rCold    . . .     Gourm    .   Q - +0 shield
rNeg     . . .     Faith    .   c - +0 robe
rPois    .         Spirit   +   K - +0 helmet
rElec    .         Reflect  .   d - +0 cloak
rCorr    .         Harm     .   (no gloves)
MR       +....                  P - +0 pair of boots
Stlth    +++.......             (no amulet)
HPRegen  0.54/turn              (no ring)
MPRegen  0.12/turn              (no ring)

@: no status effects
A: fangs 3, regeneration 1, magic shield, antimagic bite, no potion heal 3, rot
immunity
a: Renounce Religion


You were on level 8 of the Dungeon.
You worshipped Dithmenos.
Dithmenos was noncommittal.
You were not hungry.

You visited 2 branches of the dungeon, and saw 9 of its levels.

You collected 548 gold pieces.
You spent 72 gold pieces at shops.

Inventory:

Hand Weapons
 a - a +2 dagger (weapon)
 b - a +0 blowgun
Missiles
 e - 18 poisoned needles
 f - a curare-tipped needle
 N - a throwing net (quivered)
Armour
 c - a +0 robe (worn)
 d - a +0 cloak (worn)
 K - a +0 helmet (worn)
 P - a +0 pair of boots (worn)
 Q - a +0 shield (worn)
Wands
 M - a wand of confusion (25/48)
 R - a wand of confusion (18/48)
Scrolls
 m - 2 scrolls of blinking {unknown}
 r - 4 scrolls of remove curse {unknown}
 y - 4 scrolls of immolation {unknown}
 D - 5 scrolls of enchant armour {unknown}
 F - 2 scrolls of noise {unknown}
 J - 4 scrolls of teleportation
 O - a scroll of amnesia {unknown}
 S - a scroll of identify
Potions
 i - 3 potions of might
 k - 5 potions of curing
 q - a potion of lignification {unknown}
 v - a potion of brilliance {unknown}
 x - 2 potions of magic
 A - 2 potions of ambrosia
 C - 2 potions of mutation {unknown}
Books
 H - a book of Misfortune

   Spells                             Type                      Level
   a - Confusing Touch                Hexes                        1
   b - Confuse                        Hexes                        3
   c - Gell's Gravitas                Translocation                3
   d - Petrify                        Transmutation/Earth          4
   e - Metabolic Englaciation         Hexes/Ice                    5
   f - Yara's Violent Unravelling     Hexes/Transmutation          5
Comestibles
 g - 9 bread rations
 n - 3 royal jellies
 p - 3 fruits
 I - 2 meat rations
 T - a chunk of flesh


   Skills:
 - Level 1.7 Fighting
 - Level 10.1 Short Blades
 - Level 1.7 Throwing
 - Level 0.7 Dodging
 - Level 4.8 Stealth
 + Level 7.0 Shields


You had 8 spell levels left.
You didn't know any spells.

Dungeon Overview and Level Annotations

Branches:
Dungeon (8/15)             Temple (1/1) D:7
   Lair: D:8-11

Altars:
Ashenzari
Cheibriados
Dithmenos
Elyvilon
Fedhas
Gozag
Hepliaklqana
Kikubaaqudgha
Makhleb
Nemelex Xobeh
Okawaru
Qazlal
Ru
Sif Muna
Trog
Uskayaw
Vehumet
Wu Jian
Xom
Yredelemnul
Zin
The Shining One

Shops:
D:6 [=*


Innate Abilities, Weirdness & Mutations

You have razor-sharp teeth.
Your natural rate of healing is unusually fast.
When hurt, damage is shared between your health and your magic reserves.
Your bite disrupts and absorbs the magic of your enemies.
Potions cannot restore your health.
You are immune to rotting.


Message History

You hit the orc but do no damage. Your bite misses the orc.
The orc warrior hits you with a scimitar!
* * * LOW HITPOINT WARNING * * *
You hit the orc. You bite the orc, but do no damage.
The orc is lightly wounded.
You block the orc's attack.
You closely miss the orc. Your bite misses the orc.
The orc is lightly wounded.
You hit the orc. You bite the orc, but do no damage.
The orc is moderately wounded.
The orc hits you with a club.
* * * LOW HITPOINT WARNING * * *
You block the orc warrior's attack.
You hit the orc but do no damage. Your bite misses the orc.
The orc is moderately wounded.
You hit the orc. You bite the orc. You drain its power.
You feel invigorated.
You kill the orc!
Dithmenos accepts your kill.
The orc warrior hits you with a scimitar!
You die...

###.#####.## #)#
###........# #(#
....#####.## #.# ....#
#.# #o# ...8# #.# ####o#
....# ###.### #....#
..P.# #.....##.#o####
#######.......###)..#
#.........#.#@##.#
#......##o###.##
#...........o..#
#########.#..##.###<.#
..........#.###.###..#
.....######.###.#......
................#.#..###
.....######.#####.#..#
.....# #.# #.#..# .#


You could see an orc warrior.

Vanquished Creatures
  2 hippogriffs
  A yak (D:8)
  A human (D:8)
  A hog (D:8)
  2 ice beasts (D:7)
  A sky beast (D:6)
  3 ogres
  4 phantoms
  A centaur (D:5)
  A bullfrog (D:6)
  3 scorpions
  A killer bee (D:7)
  2 howler monkeys (D:6)
  4 crimson imps
  A bullfrog zombie (D:7)
  A bullfrog skeleton (D:5)
  6 orc wizards
  2 orc priests
  A centaur skeleton (D:5)
  4 hounds
  A worker ant (D:8)
  A hound zombie (D:5)
  A worker ant zombie (D:6)
  Robin (D:2)
  8 adders
  3 gnolls (D:3)
  A shadow imp (D:8)
  3 oozes
  8 leopard geckos
  23 orcs
  7 giant cockroaches
  18 goblins
  10 hobgoblins
  8 jackals
  9 quokkas
  A ball python (D:2)
  12 bats
  5 frilled lizards
  11 kobolds
  19 rats
192 creatures vanquished.

Notes
Turn   | Place    | Note
-------+----------+-------------------------------------------
     0 | D:1      | HAL9000 the Vine Stalker Assassin began the quest for the Orb.
     0 | D:1      | Reached XP level 1. HP: 11/11 MP: 2/2
    23 | D:1      | Reached skill level 2 in Short Blades
    60 | D:1      | Reached XP level 2. HP: 11/15 MP: 3/3
   248 | D:1      | Reached skill level 3 in Short Blades
   261 | D:1      | Reached XP level 3. HP: 12/18 MP: 2/4
   771 | D:2      | Gained mutation: Your natural rate of healing is unusually fast. [Vine Stalker growth]
   771 | D:2      | Reached XP level 4. HP: 23/23 MP: 5/5
   786 | D:2      | Noticed Robin
   996 | D:2      | Reached skill level 4 in Short Blades
  1355 | D:2      | Killed Robin
  1355 | D:2      | Reached XP level 5. HP: 24/26 MP: 6/6
  1577 | D:2      | Found a faded altar of an unknown god.
  1924 | D:3      | Reached skill level 5 in Short Blades
  1948 | D:3      | Reached XP level 6. HP: 23/30 MP: 4/7
  2581 | D:3      | Found a burning altar of Makhleb.
  2596 | D:3      | Found a sparkling altar of Nemelex Xobeh.
  2737 | D:3      | Reached skill level 6 in Short Blades
  3643 | D:4      | Noticed a phantom
  3792 | D:4      | Killed a phantom
  3792 | D:4      | Reached XP level 7. HP: 21/34 MP: 3/8
  4280 | D:5      | Entered Level 5 of the Dungeon
  4382 | D:5      | Reached skill level 7 in Short Blades
  4415 | D:5      | Found an opulent altar of Gozag.
  4510 | D:5      | Found a white marble altar of Elyvilon.
  4510 | D:5      | Found an ancient bone altar of Kikubaaqudgha.
  4538 | D:5      | Found a shattered altar of Ashenzari.
  4541 | D:5      | Found a hide-covered altar of Uskayaw.
  4833 | D:5      | Reached skill level 8 in Short Blades
  5226 | D:6      | Found Zorhiuru's Antique Weapon Shoppe.
  5502 | D:5      | Gained mutation: You have razor-sharp teeth. [Vine Stalker growth]
  5502 | D:5      | Reached XP level 8. HP: 38/38 MP: 9/9
  5677 | D:6      | Reached skill level 9 in Short Blades
  5858 | D:6      | Found Esekom's Antique Armour Shop.
  5876 | D:6      | Found Woxyc's Jewellery Shoppe.
  6126 | D:6      | Found Axzus's General Store.
  6129 | D:6      | Bought a scroll of teleportation for 36 gold pieces
  6152 | D:6      | Bought a throwing net for 36 gold pieces
  6189 | D:7      | Reached skill level 10 in Short Blades
  6357 | D:7      | Reached skill level 1 in Shields
  6357 | D:7      | Reached XP level 9. HP: 17/42 MP: 4/10
  6598 | D:7      | Found a staircase to the Ecumenical Temple.
  6607 | Temple   | Entered the Ecumenical Temple
  6830 | Temple   | Became a worshipper of Dithmenos the Shadowed
  7287 | D:7      | Found a sacrificial altar of Ru.
  7752 | D:8      | Reached skill level 5 in Shields
  8149 | D:8      | HP: 2/42 [hog (6)]
  8354 | D:8      | Slain by an orc warrior

Vault maps used:
D:1:      onia_arrival_larder
D:2:      chequers_ecumenical_altar_lobes, uniq_robin
D:3:      lemuel_round_altar, grunt_ministairs_5, minivault_5,
          makhleb_altar_promises_db
D:5:      grunt_temple_overflow_cloverleaf, first_bread, grunt_gozag_breadcrumbs
D:6:      serial_shops, shop, shop, nicolae_shop_behind_doors,
          nicolae_shop_window_shopping
D:7:      lemuel_doored_altar, minmay_temple_entry_poolview
D:8:      grunt_livestock, wad_dig_loot
Temple:   nicolae_temple_elliptical

Skill      XL: |  1  2  3  4  5  6  7  8  9 |
---------------+----------------------------+-----
Short Blades   | 2 3 4 5 6 8 10 | 10.1
Shields        | 1 7 |  7.0
Fighting       | |  1.7
Throwing       | |  1.7
Dodging        | |  0.7
Stealth        | |  4.8

Action                   |  1- 3 |  4- 6 |  7- 9 || total
-------------------------+-------+-------+-------++-------
Melee: Dagger            |    91 |   261 |   402 ||   754
       Bite              |    14 |    68 |   137 ||   219
 Fire: Blowgun           |       |       |     2 ||     2
  Use: Scroll            |       |     3 |     5 ||     8
       Potion            |       |     1 |       ||     1
 Stab: Sleeping          |    17 |     7 |    13 ||    37
       Distracted        |       |     1 |     3 ||     4
  Eat: Chunk             |       |     9 |    12 ||    21
       Fruit             |       |       |     3 ||     3
Armor: Robe              |    29 |    44 |    49 ||   122
Dodge: Dodged            |    42 |   139 |    97 ||   278
Block: Shield            |       |       |    58 ||    58
